AoeStats
← ogipochi_

African Clearing

504918619Analyzed
3v3 RM · 27d ago on Sep 7, 2026· 47m 10s· 6 players
Game mode
Random Map
Map size
Normal (6 player)
Population
200
Speed
Normal
Resources
Standard
Victory
Conquest
Starting age
Dark Age
Ending age
Imperial Age
RankedLock teamsTeams togetherTeam positionsShared explorationLock speedFull tech treeHidden civsTurbo modeCheats
Victory
Defeat
🇦🇷 Italians · Argentina
864
+14
🇦🇷 Romans · Argentina
834
+15
🇦🇷 Mongols · Argentina
777
+19
🇯🇵 Spanish · Japan
849
-17
🇧🇷 Bohemians · Brazil
815
-16
🇨🇱 Bohemians · Chile
801
-15
ogipochi_
4:03 Loom
14:32 Feudal Age
15:02 Double-Bit Axe
15:10 Stone Mining
15:12 Gold Mining
15:02 Horse Collar
20:10 Wheelbarrow
19:50 Fishing Lines
21:03 Town Watch
24:32 Castle Age
23:55 Bloodlines
24:20 Forging
25:29 Gillnets
29:17 Padded Archer Armor
32:25 Bow Saw
38:22 Imperial Age
36:34 Stone Shaft Mining
38:27 Elite Conquistador
40:02 Ballistics
40:43 Chemistry
40:08 Conscription
40:31 Hand Cart
46:55 Two-Man Saw
46:15 Leather Archer Armor
46:01 Murder Holes
46:16 Fortified Wall
Rise
6:38 Loom
10:10 Loom
14:35 Feudal Age
15:17 Double-Bit Axe
21:08 Castle Age
27:04 Chemistry
38:59 Wheelbarrow
danhuscontar
19:16 Feudal Age
19:42 Horse Collar
19:48 Double-Bit Axe
24:47 Castle Age
25:15 Scale Mail Armor
25:27 Forging
25:03 Pikeman
25:44 Squires
25:30 Arson
29:06 Bow Saw
34:21 Fletching
34:49 Chain Mail Armor
35:10 Iron Casting
35:56 Wagenburg Tactics
37:10 Elite Skirmisher
41:30 Imperial Age
41:20 Fletching
41:30 Padded Archer Armor
42:06 Iron Casting
47:59 Imperial Age
Predatory Shadow
3:54 Loom
13:32 Feudal Age
13:58 Double-Bit Axe
13:55 Horse Collar
16:09 Town Watch
15:53 Man-at-Arms
21:23 Fishing Lines
24:52 Forging
24:43 Scale Mail Armor
28:40 Castle Age
27:06 Fletching
27:17 Padded Archer Armor
28:45 Long Swordsman
29:31 Squires
29:18 Pikeman
29:32 Crossbowman
30:53 Wheelbarrow
31:42 Town Patrol
34:01 Stone Mining
35:01 Bow Saw
35:08 Elite Skirmisher
39:01 Ballistas
39:47 Gillnets
41:18 Hand Cart
41:11 Gold Mining
46:02 Imperial Age
43:55 Ballistics
43:46 Masonry
45:19 Heavy Plow
45:57 Gold Shaft Mining
46:02 Iron Casting
45:42 Chain Mail Armor
45:23 Bodkin Arrow
45:43 Leather Archer Armor
47:36 Crop Rotation
47:43 Comitatenses
47:43 Conscription
ZZ4KI
13:37 Feudal Age
12:30 Loom
14:24 Double-Bit Axe
20:59 Bloodlines
24:37 Castle Age
26:39 Wheelbarrow
26:45 Wheelbarrow
27:08 Bow Saw
27:46 Husbandry
28:38 Horse Collar
29:51 Hand Cart
30:15 Town Watch
30:42 Stone Mining
31:21 Town Patrol
32:39 Light Cavalry
35:28 Stone Shaft Mining
34:45 Gold Mining
35:30 Stone Shaft Mining
34:45 Gold Mining
39:05 Imperial Age
38:32 Scale Barding Armor
38:39 Forging
38:21 Fletching
38:31 Padded Archer Armor
39:29 Hussar
43:41 Ballistics
44:09 Chain Barding Armor
43:44 Bodkin Arrow
44:04 Leather Archer Armor
45:09 Conscription
45:12 Capped Ram
46:51 Drill
46:02 Elite Steppe Lancer
Magic3arth
13:49 Feudal Age
18:31 Fishing Lines
21:09 Castle Age
20:08 Scale Barding Armor
21:49 Bloodlines
25:12 Light Cavalry
27:24 Gillnets
32:24 Double-Bit Axe
36:47 Thumb Ring
37:20 Husbandry
37:36 Fletching
37:47 Padded Archer Armor
40:19 Bow Saw
40:10 Gold Mining
42:41 Leather Archer Armor
42:21 Bodkin Arrow
42:48 Chain Barding Armor
42:39 Forging
47:45 Imperial Age
45:16 Stone Mining
45:08 Horse Collar
46:22 Squires
45:42 Pikeman
47:02 Iron Casting
46:27 Scale Mail Armor
46:19 Loom
47:09 Wheelbarrow
Connection lost

Rejoining the realm…

Still unreachable

The connection could not be restored.

Session expired

The server has moved on; the page needs a fresh start.